 Dungeon Crawl Stone Soup version 0.22-a0-499-g80674aa (webtiles) character file.

42 frogmouthbird the Slasher (level 3, 0/24 HPs)
             Began as a High Elf Warper on Nov 17, 2018.
             Slain by a gnoll
             ... wielding a +0 club
              (10 damage)
             ... on level 1 of the Dungeon.
             The game lasted 00:01:56 (1700 turns).

frogmouthbird the Slasher (High Elf Warper)         Turns: 1700, Time: 00:01:57

Health: 0/24       AC:  3    Str: 10    XL:     3   Next: 33%
Magic:  7/7        EV: 12    Int: 18    God:
Gold:   64         SH:  0    Dex: 14    Spells: 6/6 levels left

rFire    . . .     SeeInvis .   a - +0 falchion
rCold    . . .     Gourm    .   (no shield)
rNeg     . . .     Faith    .   b - +0 leather armour
rPois    .         Spirit   .   (no helmet)
rElec    .         Reflect  .   (no cloak)
rCorr    .         Harm     .   (no gloves)
MR       .....                  (no boots)
Stlth    +.........             (no amulet)
HPRegen  0.08/turn              (no ring)
MPRegen  0.10/turn              (no ring)

@: no status effects
A: no striking features
a: no special abilities


You were on level 1 of the Dungeon.
You were not hungry.

You visited 1 branch of the dungeon, and saw 2 of its levels.

You collected 64 gold pieces.

Inventory:

Hand Weapons
 a - a +0 falchion (weapon)
Missiles
 e - 5 tomahawks of dispersal (quivered)
Armour
 b - a +0 leather armour (worn)
Jewellery
 m - an uncursed ring of positive energy {unknown}
Scrolls
 d - a scroll of blinking
 g - 2 scrolls of remove curse
 h - 2 scrolls of identify {unknown}
 k - a scroll of noise {unknown}
Potions
 i - a potion of heal wounds {unknown}
 j - a potion of haste {unknown}
Books
 c - a book of Spatial Translocations

   Spells                             Type                      Level
   a - Blink                          Translocation                2
   b - Shroud of Golubria             Charms/Translocation         2
   c - Lesser Beckoning               Translocation                3
   d - Gell's Gravitas                Translocation                3
   e - Teleport Other                 Translocation                3
   f - Conjure Distortion             Conjuration/Translocation    3
   g - Passage of Golubria            Translocation                4
Comestibles
 f - 5 rations


   Skills:
 - Level 2.0 Fighting
 * Level 4.6 Long Blades
 - Level 1.0 Throwing
 - Level 0.8 Armour
 - Level 2.1 Dodging
 - Level 2.4 Spellcasting
   Level 3.2 Translocations


You had 6 spell levels left.
You didn't know any spells.

Dungeon Overview and Level Annotations

Branches:
Dungeon (2/15)

Altars:


Message History

The gnoll hits you with a club! The gnoll closely misses you.
The gnoll barely misses you.
You climb upwards.
There is a stone staircase leading down here.
Unknown command.
You barely miss the gnoll. The gnoll hits you but does no damage.
You hit the gnoll but do no damage. The gnoll barely misses you.
You hit the gnoll.
The gnoll is lightly wounded.
You closely miss the gnoll. The gnoll barely misses you.
You hit the gnoll.
The gnoll is lightly wounded.
The gnoll hits you with a club.
You hit the gnoll.
The gnoll is moderately wounded.
The gnoll barely misses you.
You hit the gnoll.
The gnoll is heavily wounded.
The gnoll hits you with a club!
You die...

#.# ##.#.....###.........).. #.#
#.#..###.#.######.##..# #.#
##.#..# ##.## #.##..#
##.######.....# #!# #.##..#
#.......#.....# #.# #.##..#
#..####.#.....####.#######.##..#
##..####.#...........#......##...
#.....##.#.....####..#.#######.##
#.###.##.###....@gg>(..# #.## ..#
#...#.....####....## #...
..###....##...# ##...# ####
......##.##...# ##..#
.#.#####.##...#### #..# .#.#
#.##......###..## .#.#
#.##............#
.#.#####...............#
.#.......##.####.###.#.#


You could see 2 gnolls.

Vanquished Creatures
  A dart slug (D:2)
  A bat (D:1)
  2 giant cockroaches (D:1)
  5 goblins
  5 hobgoblins
  8 jackals (D:1)
  2 ball pythons (D:1)
  2 frilled lizards (D:1)
  3 kobolds
  4 rats
33 creatures vanquished.

Notes
Turn   | Place    | Note
-------+----------+-------------------------------------------
     0 | D:1      | frogmouthbird the High Elf Warper began the quest for the Orb.
     0 | D:1      | Reached XP level 1. HP: 14/14 MP: 4/4
    19 | D:1      | Reached skill level 3 in Long Blades
   223 | D:1      | Noticed a black bear
   223 | D:1      | Noticed a hound
   223 | D:1      | Noticed a swamp drake
   223 | D:1      | Noticed a lindwurm
   238 | D:1      | Reached XP level 2. HP: 19/19 MP: 6/6
   732 | D:1      | Reached skill level 4 in Long Blades
  1149 | D:1      | Reached XP level 3. HP: 24/24 MP: 7/7
  1700 | D:1      | Slain by a gnoll

Vault maps used:
D:1:      onia_arrival_zoo_common

Skill      XL: |  1  2 |
---------------+-------+-----
Long Blades    | 3 4 |  4.6
Fighting       | |  2.0
Throwing       | |  1.0
Armour         | |  0.8
Dodging        | |  2.1
Spellcasting   | |  2.4
Translocations | |  3.2

Action                   || total
-------------------------++-------
Melee: Falchion          ||   108
  Use: Scroll            ||     5
 Stab: Sleeping          ||     2
  Eat: Ration            ||     1
Armor: Leather armour    ||    26
Dodge: Dodged            ||    67
       Rpst.: Falchion   ||    25

Table legend:
 A = Spawn XP
 B = Non-spawn XP
 C = Spawn XP percentage of total XP
 D = Spawn monster count
 E = Non-spawn monster count
 F = Spawn count percentage of total count
 G = Total turns spent on level
                    A         B        C        D         E        F      G
               +---------+---------+-------+---------+---------+-------+---------
         Total |       0 |      60 |   0.0 |       0 |      33 |   0.0 |  1700
               +---------+---------+-------+---------+---------+-------+---------
           D:1 |       0 |      49 |   0.0 |       0 |      28 |   0.0 |  1642
           D:2 |       0 |      11 |   0.0 |       0 |       5 |   0.0 |    58
               +---------+---------+-------+---------+---------+-------+---------
